Map: Pylon LE

Players

ShapeShifter

  • Race: Terran Terran
  • League: Platinum
  • Spawn Location: 11:00

ModularChaos - Winner!

  • Race: Zerg Zerg
  • League: Diamond
  • Spawn Location: 5:00

VOD

Have the link to the VOD?

Description

Time

  • Played on: Sept. 1, 2025, 8:15 p.m.
  • Length: 17:45
Show
View Real Time Build Order
Export as new Build Order

ShapeShifter Terran 

Build Orders: 2 Factory, Reaper Expand, Mech 

Get SALT Encoding   

  12  0:00  SCV  
  13  0:12  SCV  
  14  0:18  Supply Depot  
  14  0:24  SCV  
  15  0:40  SCV  
  15  0:42  Barracks  
  16  0:46  Refinery  
  16  0:52  SCV  
  17  1:04  SCV  
  18  1:16  SCV  
  19  1:28  Orbital Command  
  19  1:30  Reaper  
  20  1:43  Command Center  
  20  1:55  SCV  
  20  1:56  Supply Depot  
  21  2:02  Marine  
  22  2:10  Factory  
  22  2:12  SCV  
  23  2:23  Refinery  
  23  2:24  SCV  
  24  2:31  Barracks Reactor  
  24  2:36  SCV  
  25  2:48  SCV  
  26  2:57  Orbital Command  
  26  3:00  SCV  
  27  3:12  SCV  
  28  3:15  Hellion x2  
  28  3:17  Factory  
  32  3:21  Barracks Tech Lab  
  32  3:26  SCV x2  
  34  3:34  Supply Depot  
  34  3:37  Hellion x2  
  34  3:38  SCV x2  
  40  3:50  SCV  
  41  3:57  Supply Depot  
  41  3:58  Hellion  
  44  4:02  SCV  
  44  4:03  SCV  
  44  4:15  SCV  
  43  4:24  Hellion x2  
  43  4:25  Siege Tank  
  48  4:32  SCV  
  48  4:33  SCV  
  48  4:34  Command Center  
  50  4:41  Supply Depot  
  50  4:47  Hellion  
  50  4:49  Hellion  
  50  4:50  Supply Depot  
  54  5:02  SCV x2  
  56  5:07  Supply Depot  
  56  5:13  Supply Depot  
  56  5:14  Siege Tank  
  59  5:15  SCV x2  
  59  5:17  Hellion x2  
  65  5:24  Engineering Bay  
  65  5:27  SCV  
  66  5:30  Armory, SCV  
  67  5:39  SCV  
  68  5:49  SCV  
  69  5:51  SCV, Hellion, Widow Mine  
  69  5:53  Siege Tank  
  77  5:59  Supply Depot  
  77  6:01  Refinery, SCV  
  77  6:02  Supply Depot  
  77  6:03  SCV, Refinery  
  79  6:04  Missile Turret  
  79  6:07  Missile Turret  
  79  6:13  SCV  
  79  6:15  SCV  
  79  6:16  Hellion x2  
  85  6:25  SCV  
  86  6:40  SCV x2  
  88  6:49  Thor  
  88  6:50  Hellbat x2  
  88  6:52  SCV x2  
  100  7:04  SCV  
  100  7:06  SCV  
  102  7:12  Orbital Command  
  102  7:15  Terran Vehicle Weapons Level 1  
  102  7:16  SCV  
  102  7:17  Armory  
  102  7:18  Supply Depot, SCV  
  102  7:22  Hellbat x2  
  108  7:23  Supply Depot  
  108  7:28  Factory, SCV  
  109  7:30  Factory  
  109  7:31  Factory, SCV  
  110  7:37  Missile Turret  
  110  7:38  Thor  
  110  7:39  SCV  
  110  7:41  SCV  
  110  7:44  SCV  
  119  7:47  Hellbat  
  121  7:52  SCV  
  121  7:53  Hellbat  
  121  7:54  SCV  
  121  7:56  SCV  
  126  8:00  Supply Depot  
  126  8:01  Supply Depot  
  126  8:02  Missile Turret  
  126  8:06  SCV x2  
  126  8:08  SCV  
  126  8:09  Sensor Tower, Hellbat  
  131  8:15  Factory Reactor, Factory Tech Lab x2  
  131  8:18  SCV x2  
  133  8:21  SCV  
  134  8:28  Command Center, Supply Depot x2  
  134  8:30  SCV x2  
  134  8:31  Supply Depot  
  134  8:33  Supply Depot, SCV  
  137  8:35  Terran Vehicle And Ship Armor Level 1  
  137  8:42  SCV, Thor  
  137  8:43  SCV  
  137  8:46  SCV  
  146  8:49  Thor  
  146  8:50  Refinery  
  146  8:52  Refinery  
  146  8:53  Thor  
  158  9:11  Terran Vehicle Weapons Level 2  
  158  9:12  SCV  
  158  9:13  SCV x2  
  158  9:16  Hellbat x4  
  169  9:24  SCV  
  169  9:25  SCV x2  
  169  9:26  Hellbat  
  169  9:31  Factory  
  174  9:35  Siege Tank  
  174  9:36  Siege Tank, Factory x2  
  174  9:37  SCV  
  181  9:40  SCV x2, Hellbat x3  
  189  9:47  Siege Tank  
  192  9:54  Command Center  
  192  10:09  Siege Tank  
  195  10:15  Planetary Fortress  
  195  10:22  SCV  
  195  10:25  Supply Depot  
  195  10:26  Supply Depot  
  196  10:28  Supply Depot  
  196  10:30  Terran Vehicle And Ship Armor Level 2, Supply Depot  
  196  10:39  Hellbat x2  
  196  10:40  Siege Tank x2, Hellbat x2  
  160  10:53  Thor  
  154  11:00  Hellbat  
  154  11:01  Command Center, Hellbat  
  156  11:12  SCV x3, Thor  
  156  11:16  Hi-Sec Auto Tracking  
  156  11:18  Infernal Pre-Igniter, Smart Servos  
  165  11:25  Starport  
  165  11:35  Planetary Fortress  
  165  11:39  Missile Turret  
  165  11:45  Siege Tank x2  
  165  11:46  Hellbat x4  
  179  11:48  Factory Reactor  
  179  11:49  Factory Tech Lab  
  179  11:50  Factory Tech Lab  
  179  11:55  Siege Tank  
  180  12:07  Hellbat  
  165  12:08  Orbital Command  
  165  12:13  Neosteel Armor  
  133  12:28  SCV x2  
  133  12:29  SCV  
  96  12:40  SCV  
  96  12:41  SCV x2  
  100  12:44  Orbital Command  
  94  12:52  SCV  
  94  12:53  SCV x2  
  94  13:00  Siege Tank  
  94  13:01  Siege Tank x4, Hellbat x2  
  94  13:02  Hellbat x2  
  115  13:15  SCV x4  
  119  13:23  Hellbat x4  
  127  13:27  SCV x2  
  127  13:32  Siege Tank  
  127  13:33  Siege Tank, Hellbat x3  
  120  14:01  Siege Tank  
  120  14:02  Siege Tank, Hellbat  
  119  14:03  Hellbat x4  
  119  14:04  Siege Tank  
  119  14:05  Siege Tank  
  119  14:08  Starport Tech Lab  
  115  14:24  Hellbat x3  
  116  14:35  Raven  
  118  14:47  Siege Tank, Hellbat x5  
  118  14:48  Siege Tank  
  110  15:08  SCV x3  
  110  15:09  Siege Tank x2, Raven  
  110  15:10  Hellbat  
  110  15:11  Hellbat x4  
  131  15:17  Planetary Fortress  
  131  15:20  Refinery x2, SCV x2, Hellbat x2  
  137  15:32  Hellbat  
  78  16:01  Siege Tank x3  
  78  16:02  Hellbat x4  
  87  16:23  Hellbat x4  
  95  16:27  Missile Turret  
  95  16:30  SCV x2  
  95  16:31  Missile Turret  
  98  16:32  SCV  
  98  16:42  SCV x2  
  98  16:45  SCV  
  101  16:54  SCV x2  
  101  16:57  Siege Tank, SCV  
  107  17:04  Sensor Tower  
  107  17:06  SCV x2  
  109  17:09  SCV  
  110  17:18  SCV  
Show
View Real Time Build Order
Export as new Build Order

ModularChaos Zerg - Winner!

Build Orders: Hatch First, Lurkers 

Get SALT Encoding   

  12  0:01  Drone  
  13  0:08  Drone  
  14  0:15  Extractor  
  14  0:16  Drone  
  15  0:36  Hatchery  
  15  0:40  Extractor  
  15  0:41  Drone  
  15  0:47  Overlord  
  15  1:03  Spawning Pool  
  14  1:05  Drone  
  14  1:08  Drone  
  14  1:10  Extractor  
  15  1:14  Drone  
  15  1:18  Drone  
  17  1:28  Drone  
  18  1:45  Drone  
  19  1:49  Queen x2  
  19  1:53  Drone  
  24  1:55  Drone  
  25  2:03  Overlord  
  25  2:07  Drone  
  26  2:19  Drone x2  
  26  2:21  Metabolic Boost  
  28  2:35  Overlord  
  28  2:36  Zergling x6  
  31  2:55  Drone x4, Queen  
  37  3:05  Overlord  
  37  3:06  Zergling x6  
  40  3:21  Hatchery  
  40  3:26  Zergling x8  
  43  3:36  Drone x2  
  45  3:44  Drone x6  
  51  3:52  Drone  
  51  3:53  Overlord  
  49  4:05  Drone x2  
  49  4:16  Drone x6  
  50  4:29  Baneling Nest  
  50  4:30  Evolution Chamber, Queen x2  
  52  4:31  Overlord  
  52  4:34  Queen  
  52  4:35  Drone x3  
  52  4:36  Drone  
  58  4:40  Extractor  
  57  4:49  Drone  
  57  4:50  Drone x2  
  60  4:54  Drone x2  
  60  4:55  Drone  
  63  5:06  Zerg Melee Weapons Level 1  
  63  5:14  Drone, Lair  
  63  5:15  Drone x7, Queen  
  63  5:16  Overlord  
  73  5:31  Queen, Hatchery  
  73  5:33  Extractor  
  73  5:34  Extractor  
  73  5:35  Drone x4  
  75  5:36  Drone  
  77  5:44  Drone x3, Extractor  
  77  5:45  Drone  
  77  5:47  Overlord x2  
  77  5:48  Spore Crawler, Overlord  
  79  5:51  Queen  
  79  5:52  Zergling x2  
  79  5:53  Overlord  
  82  6:07  Spore Crawler  
  81  6:17  Overlord  
  81  6:18  Zergling x22  
  88  6:19  Extractor  
  88  6:23  Centrifugal Hooks  
  88  6:24  Evolution Chamber  
  90  6:28  Drone x4  
  90  6:29  Drone  
  95  6:46  Drone  
  102  6:47  Drone x6  
  102  6:54  Zerg Ground Armor Level 1  
  102  6:56  Drone x4  
  102  7:01  Zerg Missile Weapons Level 1  
  106  7:03  Zergling x16  
  106  7:05  Overlord, Baneling x24  
  114  7:22  Drone x8  
  122  7:27  Hydralisk Den  
  122  7:29  Infestation Pit  
  120  7:31  Drone x5  
  125  7:48  Overlord x3  
  125  7:51  Extractor  
  125  7:53  Extractor  
  123  7:59  Hydralisk x6  
  123  8:00  Overlord x2  
  123  8:01  Overlord  
  123  8:02  Hatchery  
  123  8:05  Hatchery  
  133  8:06  Spore Crawler  
  133  8:07  Grooved Spines  
  133  8:10  Pneumatized Carapace  
  132  8:13  Hive  
  132  8:16  Drone  
  132  8:17  Drone x3, Lurker Den  
  132  8:18  Overlord x4  
  135  8:25  Hydralisk x4  
  143  8:27  Zergling x12  
  149  8:35  Overseer  
  149  8:38  Drone x5  
  149  8:39  Overlord  
  154  8:57  Muscular Augments  
  154  9:04  Hydralisk  
  154  9:05  Hydralisk x13  
  154  9:06  Hydralisk  
  184  9:35  Extractor, Lurker x5  
  184  9:37  Adaptive Talons, Extractor  
  187  9:43  Zergling x26  
  200  9:47  Spine Crawler  
  200  9:48  Spine Crawler  
  200  9:50  Spine Crawler  
  197  10:08  Viper  
  197  10:12  Zerg Missile Weapons Level 2, Zerg Ground Armor Level 2  
  200  10:18  Spire  
  166  10:51  Zergling x60  
  164  11:04  Zergling x2  
  164  11:05  Zergling x22  
  164  11:08  Lurker x8  
  180  11:15  Zergling x14  
  187  11:24  Baneling  
  187  11:25  Baneling x19  
  184  11:33  Viper  
  184  11:36  Zergling x24  
  160  12:13  Zergling x48  
  160  12:24  Zergling x10  
  160  12:26  Unknown  
  149  12:32  Ultralisk Cavern  
  149  12:34  Zerg Melee Weapons Level 2  
  149  12:35  Zerg Missile Weapons Level 3  
  149  12:36  Adrenal Glands  
  145  12:42  Hydralisk x14  
  154  13:01  Zergling x14  
  154  13:07  Zergling x14  
  154  13:08  Zergling x6  
  154  13:11  Lurker x5  
  154  13:12  Lurker x8  
  177  13:31  Zergling x26, Extractor, Hatchery  
  187  13:34  Extractor  
  183  13:48  Zergling x18  
  178  13:55  Zergling x10  
  178  13:58  Ultralisk x3  
  182  14:12  Zergling x30  
  194  14:20  Viper x2  
  200  14:30  Chitinous Plating  
  184  14:48  Zergling x6  
  184  14:49  Zergling x36  
  184  14:50  Zerg Ground Armor Level 3  
  184  14:52  Zergling x2  
  177  15:03  Ultralisk x2, Zergling x2  
  177  15:04  Zergling x10  
  195  15:11  Baneling x16  
  195  15:12  Baneling  
  176  15:49  Anabolic Synthesis  
  171  16:02  Zergling x12  
  171  16:03  Ultralisk x2  
  171  16:04  Drone, Ultralisk, Zergling x2  
  191  16:22  Zergling x16  
  199  16:59  Spire  
  198  17:04  Baneling  
  198  17:05  Baneling x12  
  198  17:12  Unknown, Hatchery  
Tags
 
Add a new tag
Caveats
  • Supply blocks, unpowered buildings, or Contaminate may cause inaccurate times.
  • Supply counts are checked every 10 seconds.